Map: Bel'Shir Vestige LE (Void)

Players

BlueDragon - Winner!

  • Race: Protoss Protoss
  • League: Silver
  • Spawn Location: 11:00

A.I. 1 (Elite)

  • Race: Protoss Protoss
  • Spawn Location: 5:00

VOD

https://www.youtube.com/watch?v=8ZqwCfSRB3E?confirmnation=1

Description

PvP Amove Void Ray + Carrier

Time

  • Played on: March 10, 2017, 7 a.m.
  • Length: 15:09
Show
View Real Time Build Order
Export as new Build Order

BlueDragon Protoss - Winner!

Build Orders: Oracle Opening 

Get SALT Encoding   

  12  0:18  Probe (Chrono Boost)  
  13  0:29  Probe (Chrono Boost)  
  13  0:34  Pylon  
  14  0:39  Probe (Chrono Boost)  
  14  0:41  Assimilator  
  15  0:52  Probe (Chrono Boost)  
  15  0:54  Gateway  
  16  1:02  Probe (Chrono Boost)  
  16  1:03  Gateway  
  17  1:13  Probe (Chrono Boost)  
  17  1:15  Assimilator  
  18  1:23  Probe (Chrono Boost)  
  19  1:32  Pylon  
  19  1:43  Cybernetics Core  
  19  1:47  Probe (Chrono Boost)  
  19  1:51  Zealot  
  22  1:58  Probe (Chrono Boost)  
  24  2:08  Probe (Chrono Boost)  
  24  2:14  Warp Gate  
  24  2:22  Mothership Core (Chrono Boost)  
  26  2:23  Adept x2  
  30  2:45  Nexus  
  30  2:48  Pylon  
  30  2:58  Stargate  
  30  3:09  Probe (Chrono Boost)  
  32  3:21  Probe (Chrono Boost)  
  32  3:23  Gateway  
  32  3:33  Probe (Chrono Boost)  
  33  3:44  Oracle  
  36  3:52  Probe (Chrono Boost)  
  37  3:56  Protoss Air Weapons Level 1  
  37  4:01  Probe (Chrono Boost)  
  39  4:04  Probe (Chrono Boost)  
  39  4:11  Assimilator, Probe (Chrono Boost)  
  39  4:13  Assimilator  
  39  4:16  Probe (Chrono Boost)  
  41  4:22  Probe (Chrono Boost)  
  41  4:23  Twilight Council  
  43  4:31  Probe (Chrono Boost)  
  43  4:32  Probe (Chrono Boost)  
  44  4:43  Void Ray  
  48  5:24  Stargate  
  48  5:30  Fleet Beacon  
  48  5:31  Pylon  
  48  5:32  Pylon, Probe (Chrono Boost)  
  48  5:33  Probe (Chrono Boost)  
  50  5:45  Gateway  
  50  5:47  Gateway  
  50  5:49  Gateway  
  50  5:51  Probe (Chrono Boost)  
  50  5:52  Probe (Chrono Boost)  
  52  5:57  Void Ray  
  56  6:06  Charge  
  56  6:14  Probe (Chrono Boost)  
  56  6:15  Probe (Chrono Boost)  
  59  6:27  Probe (Chrono Boost)  
  59  6:36  Void Ray  
  59  6:37  Void Ray  
  67  7:00  Graviton Catapult  
  67  7:07  Probe (Chrono Boost)  
  67  7:08  Probe (Chrono Boost)  
  69  7:18  Pylon  
  69  7:19  Pylon  
  69  7:23  Pylon  
  69  7:24  Carrier, Pylon  
  69  7:31  Void Ray  
  79  8:09  Void Ray  
  83  8:45  Void Ray  
  83  8:48  Void Ray  
  91  8:56  Zealot x2  
  91  8:57  Zealot x3  
  101  9:27  Void Ray  
  101  9:28  Void Ray  
  84  10:04  Void Ray  
  84  10:06  Void Ray  
  88  10:41  Void Ray  
  88  10:43  Void Ray  
  88  10:48  Nexus  
  96  10:50  Pylon  
  96  10:52  Pylon  
  96  10:53  Pylon  
  96  10:55  Pylon  
  96  10:59  Assimilator  
  96  11:01  Assimilator  
  88  11:19  Void Ray  
  88  11:20  Void Ray  
  96  11:56  Void Ray  
  96  11:57  Void Ray  
  104  12:33  Void Ray  
  104  12:35  Void Ray  
  112  13:05  Carrier  
  118  13:31  Carrier  
Show
View Real Time Build Order
Export as new Build Order

A.I. 1 (Elite) Protoss 

Build Orders: Zealot Archon 

Get SALT Encoding   

  12  0:01  Probe (Chrono Boost)  
  13  0:11  Probe (Chrono Boost)  
  14  0:20  Pylon  
  14  0:22  Probe (Chrono Boost)  
  15  0:38  Probe (Chrono Boost)  
  16  0:46  Assimilator  
  16  0:49  Probe (Chrono Boost)  
  17  0:50  Gateway  
  17  0:58  Pylon  
  17  0:59  Probe (Chrono Boost)  
  18  1:10  Probe (Chrono Boost)  
  19  1:20  Probe (Chrono Boost)  
  20  1:31  Probe (Chrono Boost)  
  21  1:37  Zealot  
  23  1:40  Cybernetics Core  
  23  1:43  Probe (Chrono Boost)  
  25  1:54  Probe (Chrono Boost)  
  25  2:00  Nexus  
  25  2:11  Gateway  
  25  2:18  Pylon  
  25  2:21  Zealot  
  25  2:23  Warp Gate  
  25  2:26  Probe (Chrono Boost)  
  28  2:36  Assimilator  
  29  2:37  Probe (Chrono Boost)  
  29  2:47  Adept  
  29  2:49  Probe (Chrono Boost)  
  32  2:57  Adept  
  32  3:00  Pylon  
  32  3:01  Probe (Chrono Boost)  
  35  3:12  Adept, Probe (Chrono Boost)  
  38  3:22  Sentry  
  40  3:32  Probe (Chrono Boost)  
  41  3:38  Stalker  
  41  3:39  Gateway  
  44  3:42  Probe (Chrono Boost)  
  44  3:46  Stalker  
  46  3:50  Probe (Chrono Boost)  
  47  3:59  Probe (Chrono Boost)  
  47  4:01  Probe (Chrono Boost)  
  49  4:06  Stalker  
  52  4:11  Probe (Chrono Boost)  
  52  4:12  Probe (Chrono Boost)  
  52  4:14  Stalker  
  55  4:23  Probe x2 (Chrono Boost)  
  57  4:33  Stalker  
  57  4:34  Pylon, Probe x2 (Chrono Boost)  
  61  4:42  Pylon  
  61  4:52  Stalker x2  
  67  4:53  Probe x2 (Chrono Boost)  
  67  4:59  Stalker  
  69  5:04  Probe (Chrono Boost)  
  69  5:05  Probe (Chrono Boost)  
  62  5:14  Stalker x2  
  62  5:16  Probe x2 (Chrono Boost)  
  68  5:27  Pylon, Probe x2 (Chrono Boost)  
  70  5:34  Pylon  
  70  5:38  Probe x2 (Chrono Boost)  
  72  5:45  Sentry, Zealot, Assimilator  
  72  5:46  Twilight Council  
  72  5:49  Probe (Chrono Boost)  
  78  5:50  Probe (Chrono Boost)  
  78  5:54  Assimilator  
  78  6:00  Probe (Chrono Boost)  
  78  6:01  Probe (Chrono Boost)  
  78  6:03  Pylon  
  80  6:11  Probe x2 (Chrono Boost)  
  82  6:21  Probe (Chrono Boost)  
  82  6:23  Probe (Chrono Boost)  
  84  6:29  Templar Archives  
  84  6:32  Probe (Chrono Boost)  
  76  6:33  Probe (Chrono Boost)  
  76  6:36  Nexus, Forge  
  75  6:42  Probe (Chrono Boost)  
  75  6:44  Probe (Chrono Boost)  
  77  6:53  Probe (Chrono Boost)  
  78  6:55  Probe (Chrono Boost)  
  78  7:00  Stalker  
  81  7:04  Probe (Chrono Boost)  
  81  7:05  Protoss Ground Weapons Level 1  
  81  7:06  High Templar x2, Probe (Chrono Boost)  
  87  7:14  Robotics Facility  
  87  7:15  Probe (Chrono Boost), Psionic Storm  
  88  7:17  Pylon  
  88  7:18  Probe (Chrono Boost)  
  88  7:20  Stalker  
  91  7:27  Forge, Probe (Chrono Boost)  
  91  7:29  Probe (Chrono Boost)  
  86  7:38  Probe (Chrono Boost)  
  86  7:40  Probe (Chrono Boost)  
  86  7:44  Archon  
  86  7:45  High Templar  
  86  7:49  Probe (Chrono Boost)  
  86  7:51  Probe (Chrono Boost)  
  91  7:52  High Templar, Protoss Ground Armor Level 1, Probe (Chrono Boost)  
  93  8:01  Observer, Probe (Chrono Boost)  
  93  8:02  Probe (Chrono Boost)  
  93  8:04  Probe (Chrono Boost)  
  93  8:05  Assimilator  
  95  8:11  Assimilator  
  97  8:12  Probe (Chrono Boost)  
  97  8:13  Probe (Chrono Boost)  
  97  8:15  Probe (Chrono Boost)  
  97  8:19  Immortal  
  96  8:24  Probe (Chrono Boost)  
  102  8:27  Probe (Chrono Boost)  
  101  8:36  Stargate, Probe (Chrono Boost)  
  101  8:38  Probe (Chrono Boost)  
  103  8:45  Nexus  
  101  8:57  Nexus  
  101  8:58  Archon  
  101  9:00  High Templar  
  103  9:05  Pylon  
  103  9:06  High Templar  
  105  9:13  Probe (Chrono Boost)  
  105  9:14  Probe (Chrono Boost)  
  107  9:19  Phoenix  
  109  9:24  Probe (Chrono Boost)  
  109  9:26  Probe (Chrono Boost)  
  109  9:28  Pylon  
  110  9:35  Probe (Chrono Boost)  
  110  9:36  Zealot  
  110  9:37  Probe (Chrono Boost)  
  104  9:42  Stalker  
  104  9:43  Phoenix  
  92  9:47  Probe (Chrono Boost)  
  92  9:48  Probe (Chrono Boost)  
  92  9:50  Stalker  
  94  9:56  Stalker  
  94  9:58  Probe (Chrono Boost)  
  94  9:59  Probe (Chrono Boost)  
  87  10:00  Probe (Chrono Boost)  
  87  10:05  High Templar  
  87  10:06  Phoenix  
  85  10:09  Probe (Chrono Boost)  
  85  10:12  High Templar  
  85  10:13  Probe (Chrono Boost)  
  80  10:18  Sentry  
  82  10:26  Archon  
  82  10:35  High Templar, Nexus  
  84  10:39  Zealot  
  85  10:48  High Templar  
  88  10:50  Nexus, Probe (Chrono Boost)  
  88  10:51  Probe (Chrono Boost)  
  88  10:53  Probe (Chrono Boost)  
  89  10:58  Stalker  
  89  11:02  Probe x2 (Chrono Boost)  
  92  11:04  Zealot, Probe (Chrono Boost)  
  80  11:13  Probe (Chrono Boost)  
  80  11:15  Probe x2 (Chrono Boost)  
  80  11:17  High Templar  
  79  11:19  Zealot  
  79  11:23  Zealot  
  79  11:24  Probe (Chrono Boost)  
  79  11:26  Probe (Chrono Boost)  
  79  11:27  Probe (Chrono Boost)  
  79  11:28  Assimilator  
  79  11:30  Assimilator  
  80  11:33  Assimilator  
  80  11:35  Probe (Chrono Boost)  
  80  11:38  Assimilator  
  71  11:42  High Templar  
  71  11:47  Zealot  
  64  12:17  Pylon  
  58  12:34  Templar Archives  
  56  12:39  Pylon  
  56  12:41  Gateway  
  54  12:51  Gateway  
  42  13:27  Nexus  
  41  13:42  Nexus  
  41  13:43  Nexus  
  41  13:47  Nexus, Pylon  
  22  14:22  Nexus  
  22  14:37  Nexus  
  22  14:40  Pylon  
  21  14:51  Assimilator  
  21  14:59  Pylon  
Tags
 
Add a new tag
Caveats
  • Supply blocks, unpowered buildings, or Contaminate may cause inaccurate times.
  • Supply counts are checked every 10 seconds.